 Dungeon Crawl Stone Soup version 0.23.2-40-g277498a001 (webtiles) character file.

Game seed: 14660067957921245936

7739 Molter the Spear-Bearer (level 11, 0/92 HPs)
             Began as a Yellow Draconian Skald on Sept 3, 2019.
             Was a Believer of Vehumet.
             Slain by a black mamba (5 damage)
             ... on level 1 of the Lair of Beasts on Sept 7, 2019.
             The game lasted 02:05:30 (14716 turns).

Molter the Spear-Bearer (Yellow Draconian Skald)   Turns: 14716, Time: 02:05:31

Health: 0/92       AC:  9    Str: 16    XL:     11   Next: 0%
Magic:  14/17      EV: 17    Int: 13    God:    Vehumet [**....]
Gold:   64         SH:  0    Dex: 14    Spells: 5/19 levels left

rFire    + . .     SeeInvis .   c - +3 spear (freeze)
rCold    + . .     Gourm    .   (no shield)
rNeg     . . .     Faith    .   (armour unavailable)
rPois    +         Spirit   .   (helmet restricted)
rElec    .         Reflect  .   J - scarf {cloud immunity}
rCorr    +         Harm     .   x - +1 pair of gloves of Duty {rC+}
MR       .....     Clarity  +   (no boots)
Stlth    +++.......             (no amulet)
HPRegen  1.25/turn              h - ring of poison resistance
MPRegen  0.15/turn              g - ring of protection from fire

@: short of breath, regenerating (expiring)
A: spit acid, unfitting armour, agile 1, clarity, cold-blooded, acid resistance,
AC +7
a: Breathe Acid, Renounce Religion


You were on level 1 of the Lair of Beasts.
You worshipped Vehumet.
Vehumet was pleased with you.
You were not hungry.

You visited 3 branches of the dungeon, and saw 11 of its levels.

You collected 514 gold pieces.
You spent 450 gold pieces at shops.

Inventory:

Hand Weapons
 a - a +1 spear
 c - a +3 spear of freezing (weapon)
 n - a +2 dagger of flaming
 O - a +3 spear
Missiles
 b - 294 stones (quivered)
 f - 310 arrows
Armour
 i - a +2 cloak
 x - the +1 pair of gloves of Duty (worn) {rC+}
   (You found it on level 5 of the Dungeon)

   It protects you from cold.
 J - a scarf of cloud immunity (worn)
Magical Staves
 d - an uncursed staff of summoning
Jewellery
 g - a ring of protection from fire (right hand)
 h - a ring of poison resistance (left hand)
 j - an uncursed ring of protection from cold
 y - an uncursed ring of magical power {unknown}
 A - an uncursed amulet of magic regeneration {unknown}
 B - an uncursed ring of protection from cold
 H - an uncursed ring of protection from magic {unknown}
Wands
 r - a wand of random effects (46)
 t - a wand of digging (1)
 E - a wand of disintegration (6)
Scrolls
 k - 7 scrolls of remove curse
 m - 3 scrolls of enchant armour
 p - 2 scrolls of random uselessness
 u - 7 scrolls of magic mapping
 v - a scroll of noise
 w - 4 scrolls of amnesia
 C - 2 scrolls of fear
 I - 3 scrolls of identify
 M - 3 scrolls of enchant weapon
 N - a scroll of teleportation
 Q - a scroll of acquirement {unknown}
Potions
 e - a potion of cancellation
 o - 6 potions of haste
 q - a potion of lignification
 s - 3 potions of degeneration
 z - 2 potions of brilliance
 D - a potion of resistance {unknown}
 F - a potion of mutation
 G - a potion of invisibility
 K - a potion of ambrosia {unknown}
 L - a potion of might
 R - a potion of curing
Comestibles
 P - 7 rations


   Skills:
 + Level 7.1 Fighting
 + Level 10.9 Polearms
 + Level 8.1 Dodging
 + Level 4.2 Stealth
 + Level 4.6 Spellcasting
 + Level 1.1 Hexes
 + Level 4.1 Charms
 + Level 1.3 Necromancy
 + Level 0.3 Translocations
 + Level 0.4 Evocations


You had 5 spell levels left.
You knew the following spells:

 Your Spells              Type           Power        Failure   Level  Hunger
a - Infusion              Chrm           ##..         3%          1    None
b - Song of Slaying       Chrm           ##......     5%          2    ##.....
c - Regeneration          Chrm/Necr      ##........   19%         3    ###....
d - Shroud of Golubria    Chrm/Tloc      #.........   12%         2    ##.....
e - Tukima's Dance        Hex            #.......     36%         3    ###....
f - Ensorcelled Hibernat  Hex/Ice        #.....       22%         2    ##.....
g - Flame Tongue          Conj/Fire      #....        19%         1    None

Your spell library contained the following spells:

 Spells                   Type           Power        Failure   Level  Hunger
 Searing Ray              Conj           #.....       28%         2    ##.....
 Confusing Touch          Hex            #.....       12%         1    None
 Corona                   Hex            #......      12%         1    None
 Spectral Weapon          Hex/Chrm       #.......     21%         3    ###....
 Confuse                  Hex            #.......     36%         3    ###....
 Dazzling Spray           Conj/Hex       #.....       43%         3    ###....
 Gell's Gravitas          Tloc           #.........   45%         3    ###....
 Petrify                  Tmut/Erth      #.......     89%         4    ####...
 Metabolic Englaciation   Hex/Ice        #.........   99%         5    ######.
 Yara's Violent Unravell  Hex/Tmut       #.........   99%         5    ######.


Dungeon Overview and Level Annotations

Branches:
Dungeon (9/15)             Temple (1/1) D:6            Lair (1/6) D:9
    Orc: D:9-12

Altars:
Ashenzari
Cheibriados
Dithmenos
Elyvilon
Fedhas
Gozag
Hepliaklqana
Kikubaaqudgha
Makhleb
Nemelex Xobeh
Okawaru
Qazlal
Ru
Sif Muna
Trog
Uskayaw
Vehumet
Wu Jian
Xom
Yredelemnul
Zin
The Shining One

Shops:
D:9 %(?:(


Innate Abilities, Weirdness & Mutations

You can spit globs of acid.
Your golden yellow scales are hard. (AC +7)
You cannot fit into any form of body armour.
You are cold-blooded and may be slowed by cold attacks.
You are resistant to acid. (rCorr)
You are agile. (Dex +2)
You possess an exceptional clarity of mind.


Message History

The six-headed hydra bites you!
* * * LOW HITPOINT WARNING * * *
The six-headed hydra bites you but does no damage.
A black mamba comes into view.
Casting: Regeneration (safe; 19% risk of failure)
Confirm with . or Enter, or press ? or * to list all spells.
Your skin crawls.
The black mamba hisses angrily.
The six-headed hydra bites you!
* * * LOW HITPOINT WARNING * * *
The six-headed hydra bites you!
* * * LOW HITPOINT WARNING * * *
The six-headed hydra bites you but does no damage.
The six-headed hydra bites you.
* * * LOW HITPOINT WARNING * * *
The six-headed hydra barely misses you.
The six-headed hydra completely misses you.
Your skin is crawling a little less now.
The black mamba bites you.
You die...

..# #...#....# ..##
#.###....# #..#
##.#.###.##...# #..# #...
#...#...# #..## #..#
###....## ##..##
#..####.##...# #÷..#
##..##.....#..# ##..#####
##P.....D.....##
###..##.###.....@S.t..#.#
..#...÷................####
....................##....##
....####.......######......##
....# #P....#.P# #.......#
...## #........# #.......##
..## #........# #........##
.## #.......... #.........#
..# ....#......# #........##
#


You could see a six-headed hydra, a black mamba and a crocodile.

Vanquished Creatures
  A two-headed ogre (D:8)
  Pikel (D:5)
  A spiny frog (Lair:1)
  Prince Ribbit (D:9)
  Sigmund (D:5)
  A hippogriff (Lair:1)
  A wyvern (D:9)
  Grum (D:9)
  Eustachio (D:5)
  A porcupine (Lair:1)
  A swamp drake (D:9)
  2 ogres
  An orc warrior (D:8)
  5 phantoms
  4 sky beasts
  2 ice beasts
  2 slaves (D:5)
  3 wolves (D:8)
  4 centaurs
  10 crocodiles
  7 bullfrogs
  7 scorpions
  12 killer bees
  3 wights (D:9)
  4 crimson imps
  2 centaur zombies
  3 jellies
  5 hounds
  A bullfrog zombie (D:8)
  3 orc priests
  2 bullfrog skeletons
  A centaur skeleton (D:4)
  A gnoll shaman (D:8)
  2 iguanas
  6 orc wizards
  An iron imp (D:7)
  4 worker ants
  Robin (D:2)
  17 adders
  6 gnolls
  An ooze (D:4)
  An adder zombie (D:8)
  A worm (D:5)
  A leopard gecko (D:2)
  24 orcs
  3 giant cockroaches
  13 goblins
  7 hobgoblins
  11 jackals
  3 quokkas
  3 ball pythons
  4 bats (D:2)
  8 frilled lizards
  6 kobolds
  2 leopard gecko skeletons (D:5)
  9 rats
229 creatures vanquished.

Vanquished Creatures (others)
  2 orcs (D:5)
  7 plants (Lair:1)
9 creatures vanquished.

Grand Total: 238 creatures vanquished

Notes
Turn   | Place    | Note
-------+----------+-------------------------------------------
     0 | D:1      | Molter the Draconian Skald began the quest for the Orb.
     0 | D:1      | Reached XP level 1. HP: 17/17 MP: 3/3
   176 | D:1      | Reached XP level 2. HP: 25/25 MP: 5/5
  1240 | D:2      | Reached XP level 3. HP: 17/30 MP: 0/6
  1568 | D:2      | Noticed Robin
  1599 | D:2      | Killed Robin
  1599 | D:2      | Reached XP level 4. HP: 33/37 MP: 0/7
  1639 | D:2      | Found an ancient bone altar of Kikubaaqudgha.
  1664 | D:2      | Learned a level 2 spell: Song of Slaying
  2113 | D:3      | Reached skill level 3 in Polearms
  2224 | D:3      | Learned a level 3 spell: Regeneration
  2407 | D:3      | Reached XP level 5. HP: 41/42 MP: 8/8
  2576 | D:3      | Learned a level 2 spell: Shroud of Golubria
  2964 | D:3      | Found a glowing silver altar of Zin.
  2965 | D:3      | Noticed an angel
  3113 | D:4      | Reached skill level 4 in Polearms
  3113 | D:4      | Reached skill level 1 in Stealth
  3292 | D:4      | Reached XP level 6. HP: 48/51 MP: 7/9
  3340 | D:4      | Found a white marble altar of Elyvilon.
  3764 | D:4      | Reached skill level 5 in Polearms
  3953 | D:4      | Your scales start taking on a golden yellow colour.
  3953 | D:4      | Reached XP level 7. HP: 20/57 MP: 7/10
  3953 | D:4      | Gained mutation: You are resistant to acid. (rCorr) [Yellow
                  | Draconian growth]
  4451 | D:4      | Found an iron altar of Okawaru.
  4494 | D:5      | Entered Level 5 of the Dungeon
  4531 | D:5      | Found an opulent altar of Gozag.
  4796 | D:5      | Noticed Eustachio
  4899 | D:5      | Killed Eustachio
  4913 | D:5      | Noticed Pikel
  4986 | D:5      | Killed Pikel
  4986 | D:5      | Reached skill level 6 in Polearms
  4986 | D:5      | Reached XP level 8. HP: 24/67 MP: 4/12
  5328 | D:5      | Reached skill level 5 in Dodging
  5590 | D:5      | Found a sparkling altar of Nemelex Xobeh.
  5641 | D:5      | Got a pair of jewelled gloves
  5647 | D:5      | Identified the +1 pair of gloves of Duty {rC+} (You found
                  | it on level 5 of the Dungeon)
  5651 | D:5      | Noticed Sigmund
  5660 | D:5      | Killed Sigmund
  5660 | D:5      | Reached skill level 7 in Polearms
  5892 | D:5      | Learned a level 3 spell: Tukima's Dance
  6900 | D:6      | Reached skill level 5 in Fighting
  6900 | D:6      | Reached XP level 9. HP: 74/74 MP: 5/15
  7188 | D:6      | Found a sacrificial altar of Ru.
  7253 | D:6      | Found a staircase to the Ecumenical Temple.
  7260 | Temple   | Entered the Ecumenical Temple
  7627 | Temple   | Became a worshipper of Vehumet
  7857 | D:6      | Reached skill level 8 in Polearms
  7864 | D:6      | Learned a level 2 spell: Ensorcelled Hibernation
  8663 | D:7      | Found a snail-covered altar of Cheibriados.
  9262 | D:8      | Noticed a two-headed ogre
  9319 | D:8      | Killed a two-headed ogre
  9319 | D:8      | Reached skill level 9 in Polearms
  9319 | D:8      | Reached skill level 1 in Hexes
  9736 | D:8      | Reached XP level 10. HP: 84/84 MP: 16/16
 10327 | D:8      | Reached * piety under Vehumet
 10327 | D:8      | Offered knowledge of Flame Tongue by Vehumet.
 11085 | D:8      | Learned a level 1 spell: Flame Tongue
 11530 | D:9      | Found a hazy altar of Hepliaklqana.
 11581 | D:8      | Reached skill level 1 in Necromancy
 11884 | D:9      | Noticed Grum
 11944 | D:9      | Killed Grum
 11944 | D:9      | Reached skill level 10 in Polearms
 11969 | D:9      | Found Owkar's Weapon Boutique.
 11969 | D:9      | Found Ydefuk's Food Emporium.
 12007 | D:9      | Bought a ration for 55 gold pieces
 12007 | D:9      | Bought a ration for 55 gold pieces
 12007 | D:9      | Bought a ration for 55 gold pieces
 12007 | D:9      | Bought a ration for 55 gold pieces
 12007 | D:9      | Bought a ration for 55 gold pieces
 12007 | D:9      | Bought a ration for 55 gold pieces
 12007 | D:9      | Bought a ration for 55 gold pieces
 12014 | D:9      | Found Xatasaak's Book Boutique.
 12028 | D:9      | Found Daosaisk's Antique Weapon Shoppe.
 12161 | D:9      | Gained mutation: Your muscles are strong. (Str +2) [potion
                  | of mutation]
 12161 | D:9      | Gained mutation: You possess an exceptional clarity of
                  | mind. [potion of mutation]
 12161 | D:9      | Lost mutation: Your muscles are strong. (Str +2) [potion of
                  | mutation]
 12161 | D:9      | Gained mutation: You are agile. (Dex +2) [potion of
                  | mutation]
 12462 | D:9      | Noticed Prince Ribbit
 12483 | D:9      | Killed Prince Ribbit
 12777 | D:9      | Offered knowledge of Searing Ray by Vehumet.
 12800 | D:9      | Reached ** piety under Vehumet
 12881 | D:9      | Found a hide-covered altar of Uskayaw.
 12991 | D:9      | Found Peiheed's Magic Scroll Emporium.
 13039 | D:9      | Bought a scroll of identify for 26 gold pieces
 13039 | D:9      | Bought a scroll of teleportation for 39 gold pieces
 13585 | D:9      | Found a staircase to the Lair.
 13607 | Lair:1   | Entered Level 1 of the Lair of Beasts
 13744 | Lair:1   | Noticed a spiny frog
 13747 | Lair:1   | Noticed a six-headed hydra
 13772 | Lair:1   | Killed a spiny frog
 13787 | Lair:1   | HP: 4/86 [six-headed hydra (11)]
 13800 | Lair:1   | HP: 3/86 [six-headed hydra (13)]
 14703 | Lair:1   | Reached XP level 11. HP: 77/92 MP: 17/17
 14713 | Lair:1   | HP: 4/92 [six-headed hydra (15)]
 14716 | Lair:1   | Slain by a black mamba

Skill      XL: |  1  2  3  4  5  6  7  8  9 10 |
---------------+-------------------------------+-----
Charms         | 3 4 |  4.1
Polearms       | 3 4 5 6 7 9 10 | 10.9
Dodging        | 3 4 5 6 8 |  8.1
Fighting       | 3 4 5 6 7 |  7.1
Stealth        | 1 2 3 4 |  4.2
Spellcasting   | 3 4 |  4.6
Hexes          | 1 |  1.1
Necromancy     | 1 |  1.3
Translocations | |  0.3
Evocations     | |  0.4

Action                   |  1- 3 |  4- 6 |  7- 9 | 10-12 || total
-------------------------+-------+-------+-------+-------++-------
Melee: Spear             |   134 |   287 |   704 |   589 ||  1714
       Tailslap          |     4 |    25 |    88 |    80 ||   197
 Cast: Infusion          |     4 |     5 |     7 |     3 ||    19
       Song of Slaying   |       |     1 |     1 |       ||     2
       Shroud of Golubri |       |     1 |       |     3 ||     4
       Tukima's Dance    |       |       |     3 |       ||     3
       Regeneration      |       |       |     2 |     4 ||     6
       Ensorcelled Hiber |       |       |       |     2 ||     2
       Flame Tongue      |       |       |       |     1 ||     1
 Abil: Breathe Acid      |       |       |     8 |     4 ||    12
Evoke: Wand              |       |     3 |     2 |     1 ||     6
  Use: Scroll            |     1 |     8 |     9 |     8 ||    26
       Potion            |       |     5 |     1 |     4 ||    10
 Stab: Sleeping          |     1 |     2 |     4 |     3 ||    10
       Distracted        |       |       |     1 |       ||     1
       Confused          |       |       |       |     1 ||     1
  Eat: Ration            |     1 |     2 |     7 |     3 ||    13
       Chunk             |       |       |       |     6 ||     6
Armor: Skin              |    28 |    73 |   178 |   123 ||   402
Dodge: Dodged            |    75 |   117 |   360 |   386 ||   938
